AoeStats
← TIMVP

Black Forest

510354269Analyzed
2v2 RM · 22h ago on Sep 30, 2026· 52m 26s· 4 players
Game mode
Random Map
Map size
Medium (4 player)
Population
200
Speed
Normal
Resources
Standard
Victory
Conquest
Starting age
Dark Age
Ending age
Imperial Age
RankedLock teamsTeams togetherTeam positionsShared explorationLock speedFull tech treeHidden civsTurbo modeCheats
Victory
Defeat
🇵🇪 Romans · Peru
726
+14
🇵🇪 Saracens · Peru
716
+14
🇺🇸 Wei · United States
716
-15
🇺🇸 Spanish · United States
648
-29
Vongoli Momoli
0:29 Loom
12:43 Feudal Age
13:27 Double-Bit Axe
15:01 Horse Collar
19:31 Castle Age
18:28 Scale Barding Armor
18:47 Gold Mining
18:51 Stone Mining
22:30 Bow Saw
23:55 Wheelbarrow
27:03 Hand Cart
27:00 Heavy Plow
27:42 Fletching
28:15 Chain Barding Armor
28:07 Forging
29:15 Tuntian
29:21 Bodkin Arrow
29:39 Husbandry
29:49 Bloodlines
29:04 Light Cavalry
29:07 Pikeman
31:24 Caravan
32:35 Iron Casting
37:52 Imperial Age
35:31 Squires
38:21 Scale Mail Armor
38:24 Murder Holes
38:51 Ballistics
38:45 Masonry
39:28 Ming Guang Armor
38:27 Elite Tiger Cavalry
39:28 Conscription
39:56 Heavy Hei Guang Cavalry
41:01 Arson
45:03 Hussar
49:32 Blast Furnace
51:14 Gold Shaft Mining
tswag
1:15 Loom
17:12 Feudal Age
19:42 Wheelbarrow
18:52 Town Watch
26:32 Forging
26:23 Scale Mail Armor
26:28 Scale Barding Armor
26:23 Padded Archer Armor
26:14 Fletching
26:59 Gold Mining
27:01 Stone Mining
29:44 Castle Age
30:50 Double-Bit Axe
32:24 Hand Cart
32:09 Town Patrol
33:55 Elite Skirmisher
35:45 Bow Saw
36:15 Stone Shaft Mining
44:59 Man-at-Arms
45:00 Pikeman
45:25 Gambesons
45:40 Squires
45:26 Arson
TIMVP
0:26 Loom
13:15 Feudal Age
13:41 Double-Bit Axe
13:37 Horse Collar
21:23 Castle Age
19:28 Gold Mining
21:36 Man-at-Arms
22:20 Scale Mail Armor
22:24 Heavy Plow
22:48 Bow Saw
25:37 Gold Shaft Mining
28:12 Wheelbarrow
32:38 Imperial Age
31:08 Hand Cart
31:00 Long Swordsman
31:42 Scale Mail Armor
32:34 Gold Shaft Mining
32:46 Chain Mail Armor
32:50 Forging
33:50 Conscription
34:51 Crop Rotation
36:05 Siege Engineers
36:51 Iron Casting
37:09 Ballistics
37:56 Heavy Scorpion
39:42 Ballistas
41:16 Blast Furnace
40:44 Legionary
42:00 Bloodlines
41:51 Husbandry
44:16 Scale Barding Armor
44:04 Elite Centurion
46:40 Chemistry
48:30 Chain Barding Armor
A†ilA
0:35 Loom
10:58 Feudal Age
17:48 Castle Age
23:17 Fishing Lines
24:03 Double-Bit Axe
24:03 Horse Collar
25:34 Gillnets
28:03 Wheelbarrow
30:33 Gold Mining
33:51 Imperial Age
31:43 Hand Cart
38:36 Gold Shaft Mining
Connection lost

Rejoining the realm…

Still unreachable

The connection could not be restored.

Session expired

The server has moved on; the page needs a fresh start.